 Dungeon Crawl Stone Soup version 0.17.1-3-g152610e (webtiles) character file.

142627 Miyamura the Severer (level 17, -12/133 HPs)
             Began as a Formicid Fighter on Feb 17, 2016.
             Was the Champion of Cheibriados.
             Killed from afar by a deep elf death mage (18 damage)
             ... with a bolt of negative energy
             ... on level 3 of the Elven Halls.
             The game lasted 01:22:46 (29265 turns).

Miyamura the Severer (Formicid Fighter)            Turns: 29265, Time: 01:22:47

Health: -12/133    AC: 36    Str: 43    XL:     17   Next: 97%
Magic:  14/26      EV: 24    Int: 28    God:    Cheibriados [******]
Gold:   692        SH: 26    Dex: 26    Spells: 1 memorised, 14 levels left

rFire  + . .     SeeInvis +     Q - +7 executioner's axe (flame)
rCold  + . .     Clarity  .     z - +0 chain mail
rNeg   . . .     SustAt   .     J - +2 large shield {AC+3}
rPois  .         Gourm    .     (helmet unavailable)
rElec  +         Spirit   .     q - +2 cloak
rCorr  .         Warding  .     H - +2 pair of gloves
rMut   .         Stasis   +     C - +2 pair of boots of Least Resistance {rC+ Dex-2 Stlth+}
MR     ++...                    (no amulet)
Stlth  +.........               M - +4 ring of protection
                                E - ring of wizardry

@: mighty, agile, drained, very slow, very resistant to hostile enchantments,
very unstealthy
A: permanent stasis, dig shafts and tunnels, four strong arms, antennae 3, claws
1, rough black scales 2, fire resistance 1, magic resistance 1, electricity
resistance, evolution 1
a: Dig, Shaft Self, Bend Time, Temporal Distortion, Slouch, Step From Time,
Renounce Religion


You were on level 3 of the Elven Halls.
You worshipped Cheibriados.
Cheibriados was exalted by your worship.
You were not hungry.

You visited 5 branches of the dungeon, and saw 27 of its levels.
You also visited: Labyrinth and Ice Cave.

You collected 2820 gold pieces.
You spent 2128 gold pieces at shops.

Inventory:

Hand Weapons
 c - the +7 whip of Pemog {antimagic, rPois Str-5 Int+3}
   (You bought it in a shop on level 4 of the Orcish Mines)

   It disrupts the flow of magical energy around spellcasters and certain
   magical creatures (including the wielder).
   It affects your strength (-5).
   It affects your intelligence (+3).
   It protects you from poison.
 Q - a +7 executioner's axe of flaming (weapon)
 Y - the +10 blowgun of a ziggurat {evade, rN++ Str-2 Int+5}
   (You found it on level 8 of the Lair of Beasts)

   It affects your evasion (+5 to EV).
   It affects your strength (-2).
   It affects your intelligence (+5).
   It greatly protects you from negative energy.
Missiles
 B - 4 curare-tipped needles
Armour
 q - a +2 cloak (worn)
 z - a +0 chain mail (worn)
 C - the +2 pair of boots of Least Resistance (worn) {rC+ Dex-2 Stlth+}
   (You bought it in a shop on level 8 of the Dungeon)

   It affects your dexterity (-2).
   It protects you from cold.
   It makes you more stealthy.
 H - a +2 pair of gloves (worn)
 J - a +2 large shield of protection (worn)
Rods
 X - a +8 rod of the swarm (10/10)
   (You found it on level 8 of the Lair of Beasts)
Jewellery
 o - an uncursed ring of sustain attributes
 v - the amulet of Gayhib {Inacc rPois rF+ MR- Dex+10}
   (You found it in a labyrinth)

   [amulet of inaccuracy]

   It reduces the accuracy of all your attacks.
   It affects your dexterity (+10).
   It protects you from fire.
   It protects you from poison.
   It affects your resistance to hostile enchantments.
 y - an uncursed ring of flight
 D - the ring of Xom's Whimsicality {Fire Dex+3 SInv}
   (You found it on level 7 of the Lair of Beasts)

   [ring of fire]

   It enhances your fire magic, and weakens your ice magic.
   It affects your dexterity (+3).
   It protects you from fire.
   It makes you vulnerable to cold.
   It lets you see invisible.
 E - a ring of wizardry (left hand)
 M - a +4 ring of protection (right hand)
Wands
 h - a wand of paralysis (9)
 n - a wand of confusion (21)
 p - a wand of teleportation (5)
 F - a wand of draining (6)
 I - a wand of teleportation (4)
 N - a wand of heal wounds (6)
 O - a wand of cold (7)
 R - a wand of cold (6)
Scrolls
 f - 2 scrolls of magic mapping
 g - a scroll of recharging
 i - 4 scrolls of immolation
 k - 2 scrolls of summoning
 l - 6 scrolls of remove curse
 s - 3 scrolls of fear
 A - 3 scrolls of amnesia
 W - a scroll of enchant armour
Potions
 a - 3 potions of lignification
 m - 3 potions of flight
 r - 2 potions of cancellation
 w - 2 potions of brilliance
 G - a potion of agility
 L - 2 potions of curing
 P - 4 potions of heal wounds
 U - 2 potions of magic
Miscellaneous
 b - a crystal ball of energy
 d - a lamp of fire
 S - a stone of tremors
 T - a legendary deck of wonders {the Alchemist}
Comestibles
 e - 10 bread rations
 j - 14 meat rations
 u - 51 fruits
 x - 5 beef jerkies
 K - 8 slices of pizza
 V - 12 royal jellies


   Skills:
 + Level 11.6(10.4) Fighting
 + Level 17.7(16.3) Axes
 + Level 13.2(11.9) Armour
 + Level 10.9(9.7) Dodging
 + Level 14.1(12.8) Shields
 - Level 12.0(10.7) Invocations


You had 14 spell levels left.
You knew the following spells:

 Your Spells              Type           Power        Failure   Level  Hunger
R - Repel Missiles        Chrm/Air       #.....       38%         2    ###....


Dungeon Overview and Level Annotations

Branches:
Dungeon (11/15)            Temple (1/1) D:5            Lair (8/8) D:8
 Shoals (0/4) Lair:6       Spider (0/4) Lair:3        Slime (0/6) Lair:6
    Orc (4/4) D:11            Elf (3/3) Orc:4

Altars:
Ashenzari
Cheibriados
Dithmenos
Elyvilon
Fedhas
Gozag
Kikubaaqudgha
Makhleb
Nemelex Xobeh
Okawaru
Qazlal
Ru
Sif Muna
Trog
Vehumet
Xom
Yredelemnul
Zin
The Shining One
Beogh
Jiyva

Shops:
D:8 %?[((   D:11 [(}*   Orc:1 %   Orc:4 ((}}   Elf:2 }(:[


Innate Abilities, Weirdness & Mutations

You are under a permanent stasis effect.
You can dig through walls and to a lower floor.
Your four strong arms can wield two-handed weapons with a shield.
You have a pair of large antennae on your head (SInv).
You have sharp fingernails.
You are mostly covered in rough black scales (AC +7, Dex -2).
Your flesh is heat resistant.
You are resistant to hostile enchantments.
You are resistant to electric shocks.
You evolve.


Message History

Zapping:
N - a wand of heal wounds (7)
Press: ? - help, Shift-Dir - straight line, f - you You feel much better.
This wand has 6 charges left.
A deep elf high priest comes into view. It is wielding a short sword.
Unknown command.
You hear the crackle of a magical portal nearby.
The deep elf death mage points at you and mumbles some strange words.
The bolt of negative energy hits you!
You feel drained.
The deep elf high priest utters a dark prayer and points at you.
Your life force is offered up.
* * * LOW HITPOINT WARNING * * *
The deep elf high priest calls down the wrath of its god upon you.
The hellfire explodes!
The burst of hellfire engulfs you!
* * * LOW HITPOINT WARNING * * *
The deep elf death mage gestures wildly while chanting.
Some corpses begin to drag themselves along the ground!
Some corpses meld into an agglomeration of writhing flesh!
The deep elf death mage gestures at you while chanting.
The bolt of negative energy hits you!
You feel drained.
You die...

****** ##### ,,,,,****######...#
,,,,,,,,,,........#
,,,,,***,*##......#
,,,,,,*,,.#.......#
,,,,,,,,,.........###############
,,******+*****#.@................
,,**,,,*,*,..##..................
,,*,,⌠,,,,.⌠..#..................
,,**,,,*,*...##..................
,*******+*##**##...e....)........
,**,,,*,,,*,,,*#..xe.(...........
,*,,*,,,∩,,,*..#....)x(..........
,**,,,*,,,*,..##.....)e..........
,***********#**#.....)...........


You could see a deep elf annihilator, a deep elf death mage and a deep elf high
priest.

Vanquished Creatures
  A deep elf master archer (Elf:3)
  2 deep elf blademasters
  A deep elf sorcerer (Elf:3)
  The ghost of emiel the Severer, a journeyman HOGl of Trog (Lair:8)
  2 deep elf demonologists
  Snorg (D:11)
  A deep elf death mage (Elf:3)
  Erolcha (Orc:1)
  A minotaur (Lab)
  2 deep elf high priests (Elf:1)
  A fire dragon (Lair:8)
  Harold (Lair:1)
  7 hydras
  2 catoblepae
  18 dancing weapons (Elf:2)
  A spriggan (Lair:5)
  13 death yaks
  19 deep elf knights
  4 orc high priests
  Sonja (Lair:1)
  A small abomination (Elf:1)
  3 skeletal warriors (D:7)
  An ice devil (Lair:1)
  A fire crab (Lair:8)
  13 deep elf summoners
  7 orc knights
  3 hill giants
  9 deep elf conjurers
  The ghost of Dustman the Poker, a novice HuGl (D:4)
  2 ugly things (D:11)
  6 orc sorcerers
  A cyclops (D:11)
  10 elephants
  A griffon (Lair:7)
  Maurice (Orc:1)
  An ice statue (Lair:1)
  7 black mambas
  8 komodo dragons
  6 fire drakes
  22 spiny frogs
  12 deep elf priests
  3 freezing wraiths (IceCv)
  A minotaur zombie (Lab)
  A two-headed ogre (D:11)
  3 trolls
  14 polar bears
  18 blink frogs
  3 raiju (Lair:8)
  4 trapdoor spiders (Lair:3)
  Sigmund (D:3)
  36 yaks
  Eustachio (D:6)
  2 wyverns
  28 deep elf magi
  A human (shapeshifter) (Elf:1)
  The ghost of Bubs the Skirmisher, an amateur DsAK of Lugonu (D:3)
  2 steam dragons (Lair:8)
  2 basilisks
  9 wolves (Lair:8)
  35 deep elf fighters
  7 hippogriffs
  A hungry ghost (D:10)
  12 wargs
  3 hell hounds (Lair:8)
  5 sky beasts
  15 water moccasins
  13 porcupines
  2 mottled dragons (Lair:8)
  18 black bears
  5 phantoms
  30 orc warriors
  A wasp (Lair:5)
  24 ice beasts
  A centaur (D:11)
  4 ogres
  15 crocodiles
  Blork the orc (D:6)
  3 big kobolds (D:8)
  15 giant frogs
  3 scorpions
  8 killer bees
  8 wights
  A quasit (D:9)
  3 crimson imps
  2 elephant simulacra (IceCv)
  5 giant frog zombies
  22 hounds
  A giant frog skeleton (D:9)
  2 centaur skeletons
  A jelly (D:7)
  Crazy Yiuf (D:2)
  27 orc priests
  8 iguanas
  32 orc wizards
  Terence (D:2)
  A wolf simulacrum (IceCv)
  A polar bear simulacrum (IceCv)
  15 sheep
  5 worker ants
  A killer bee zombie (D:9)
  A hound skeleton (D:6)
  2 worker ant zombies (D:7)
  Robin (D:2)
  3 gnolls (D:2)
  74 river rats
  9 adders
  4 shadow imps
  8 white imps
  3 oozes
  An adder zombie (D:7)
  An adder skeleton (D:7)
  7 worms
  6 giant geckos
  179 orcs
  A ball python (D:1)
  11 bats
  4 giant cockroaches
  17 goblins
  14 hobgoblins
  15 jackals
  8 quokkas
  A giant gecko zombie (D:8)
  5 giant newts
  A jackal skeleton (D:4)
  9 kobolds
  2 quokka skeletons
  9 rats
  3 crawling corpses (Elf:1)
  12 fungi
  10 plants
1105 creatures vanquished.

Vanquished Creatures (others)
  A deep elf knight (Elf:1)
  A deep elf mage (D:11)
  An iguana (Lair:8)
  A bush (Lair:6)
  9 fungi
  14 plants
27 creatures vanquished.

Grand Total: 1132 creatures vanquished

Notes
Turn   | Place    | Note
--------------------------------------------------------------
     0 | D:1      | Miyamura the Formicid Fighter began the quest for the Orb.
     0 | D:1      | Reached XP level 1. HP: 18/18 MP: 1/1
   117 | D:1      | Reached XP level 2. HP: 24/24 MP: 2/2
   269 | D:1      | Reached skill level 4 in Shields
   269 | D:1      | Reached XP level 3. HP: 29/29 MP: 3/3
   436 | D:2      | Noticed Terence
   576 | D:2      | Killed Terence
   576 | D:2      | Reached skill level 1 in Dodging
   576 | D:2      | Reached XP level 4. HP: 34/36 MP: 4/4
   730 | D:2      | Noticed Crazy Yiuf
   736 | D:2      | Killed Crazy Yiuf
   736 | D:2      | Reached XP level 5. HP: 9/42 MP: 5/5
  1040 | D:2      | Found a glowing silver altar of Zin.
  1040 | D:2      | Found a burning altar of Makhleb.
  1041 | D:2      | Noticed an Executioner
  1041 | D:2      | Noticed an angel
  1125 | D:2      | Found a bloodstained altar of Trog.
  1216 | D:2      | Noticed Robin
  1219 | D:2      | Killed Robin
  1230 | D:2      | Reached XP level 6. HP: 48/48 MP: 6/6
  1433 | D:2      | Found a deep blue altar of Sif Muna.
  1650 | D:3      | Noticed Sigmund
  1650 | D:3      | Noticed Bubs's ghost (amateur DsAK)
  1959 | D:3      | Found a shimmering altar of Xom.
  1999 | D:3      | Killed Bubs's ghost
  2075 | D:3      | Reached skill level 5 in Shields
  2093 | D:3      | Reached XP level 7. HP: 55/55 MP: 7/7
  2150 | D:3      | Killed Sigmund
  2150 | D:3      | Reached skill level 5 in Fighting
  2150 | D:3      | Reached skill level 5 in Armour
  3038 | D:4      | Noticed Dustman's ghost (novice HuGl)
  3387 | D:4      | Killed Dustman's ghost
  3387 | D:4      | Reached skill level 6 in Shields
  3387 | D:4      | Reached XP level 8. HP: 11/64 MP: 8/8
  4535 | D:5      | Entered Level 5 of the Dungeon
  4778 | D:5      | Found a white marble altar of Elyvilon.
  5037 | D:5      | Found a shattered altar of Ashenzari.
  5037 | D:5      | Found a shadowy altar of Dithmenos.
  5250 | D:5      | Found a basalt altar of Yredelemnul.
  5288 | D:5      | Found a staircase to the Ecumenical Temple.
  5420 | D:5      | Reached skill level 5 in Axes
  5420 | D:5      | Reached XP level 9. HP: 69/69 MP: 9/9
  5432 | Temple   | Entered the Ecumenical Temple
  5524 | Temple   | Became a worshipper of Cheibriados the Contemplative
  5870 | D:6      | Reached skill level 7 in Shields
  6159 | D:6      | Noticed Blork the orc
  6164 | D:6      | Noticed Eustachio
  6183 | D:6      | Killed Blork the orc
  6184 | D:6      | Gained mutation: You have sharp toenails. [potion of beneficial mutation]
  6194 | D:6      | Killed Eustachio
  6310 | D:6      | Reached * piety under Cheibriados
  7161 | D:7      | Noticed a skeletal warrior
  7170 | D:7      | Noticed a skeletal warrior
  7174 | D:7      | Noticed a skeletal warrior
  7175 | D:7      | You fall through a shaft for 2 floors!
  7661 | D:7      | Reached skill level 5 in Dodging
  7661 | D:7      | Reached XP level 10. HP: 66/79 MP: 10/10
  7741 | D:7      | Gained mutation: Scrolls take you a little longer to read. [mutagenic meat]
  7742 | D:7      | Gained mutation: You are partially covered in rough black scales (AC +4, Dex -1). [mutagenic meat]
  7743 | D:7      | Gained mutation: You occasionally shout uncontrollably at your foes. [mutagenic meat]
  7744 | D:7      | Gained mutation: You are mostly covered in rough black scales (AC +7, Dex -2). [mutagenic meat]
  7745 | D:7      | Lost mutation: Scrolls take you a little longer to read. [mutagenic meat]
  7758 | D:7      | You fall through a shaft for 2 floors!
  8057 | D:8      | Found a staircase to the Lair.
  8127 | D:8      | Reached ** piety under Cheibriados
  8141 | D:8      | Found Yjiwum's Food Shop.
  8165 | D:8      | Reached skill level 8 in Shields
  8213 | D:8      | Lost mutation: You occasionally shout uncontrollably at your foes. [mutagenic meat]
  8214 | D:8      | Gained mutation: Your body sometimes deteriorates upon taking damage. [mutagenic meat]
  8215 | D:8      | Gained mutation: You can spit weak poison. [mutagenic meat]
  8222 | D:8      | Found Qimog's Weapon Boutique.
  8365 | D:8      | Gained mutation: You evolve. [mutagenic meat]
  8366 | D:8      | Gained mutation: You are resistant to electric shocks. [mutagenic meat]
  8368 | D:8      | Gained mutation: You are resistant to hostile enchantments. [mutagenic meat]
  8394 | D:8      | Found Obihunere's Weapon Shoppe.
  8478 | D:8      | Found Lentestri's Armour Shoppe.
  8491 | D:8      | Found a blossoming altar of Fedhas.
  8497 | D:8      | Bought a +2 pair of gloves for 181 gold pieces
  8527 | D:8      | Learned a level 2 spell: Repel Missiles
  8639 | D:8      | Noticed a three-headed hydra
  8665 | D:8      | Killed a three-headed hydra
  8673 | D:8      | Reached *** piety under Cheibriados
  8682 | D:8      | Reached skill level 9 in Shields
  9233 | D:8      | Found Awiu's Magic Scroll Boutique.
  9236 | D:8      | Bought a scroll of brand weapon for 280 gold pieces
  9370 | Lair:1   | Entered Level 1 of the Lair of Beasts
  9392 | Lair:1   | Found a frozen archway.
  9407 | Lair:1   | Reached XP level 11. HP: 55/87 MP: 11/11
  9410 | Lair:1   | Reached skill level 1 in Invocations
  9601 | IceCv    | Entered an ice cave
  9603 | IceCv    | Reached **** piety under Cheibriados
  9728 | IceCv    | Lost mutation: Your body sometimes deteriorates upon taking damage. [potion of cure mutation]
  9728 | IceCv    | Lost mutation: You have sharp toenails. [potion of cure mutation]
  9728 | IceCv    | Lost mutation: You can spit weak poison. [potion of cure mutation]
 10252 | Lair:1   | Noticed an ice devil
 10256 | Lair:1   | Noticed Sonja
 10275 | Lair:1   | Reached skill level 10 in Shields
 10284 | Lair:1   | Killed Sonja
 10592 | Lair:1   | Noticed an ice statue
 10945 | Lair:1   | Noticed Harold
 10967 | Lair:1   | Killed Harold
 10967 | Lair:1   | Reached skill level 5 in Invocations
 10967 | Lair:1   | Reached XP level 12. HP: 97/97 MP: 15/15
 10988 | Lair:1   | Noticed a spiny frog
 11023 | Lair:1   | Killed a spiny frog
 11042 | Lair:1   | Reached ***** piety under Cheibriados
 11045 | Lair:1   | Reached skill level 10 in Armour
 11834 | Lair:1   | Reached skill level 11 in Shields
 11854 | Lair:1   | Gained mutation: Your spells are a little easier to cast, but a little less powerful. [evolution]
 12362 | Lair:2   | Noticed a five-headed hydra
 12373 | Lair:2   | Killed a one-headed hydra
 12951 | Lair:3   | Reached XP level 13. HP: 98/102 MP: 18/18
 12979 | Lair:3   | Found a hole to the Spider Nest.
 13074 | Lair:3   | Reached ****** piety under Cheibriados
 13478 | Lair:3   | Lost mutation: Your spells are a little easier to cast, but a little less powerful. [evolution]
 13841 | Lair:4   | Reached skill level 12 in Shields
 14976 | Lair:6   | Found a staircase to the Shoals.
 15453 | D:8      | Bought a +2 executioner's axe of flaming for 480 gold pieces
 15627 | Lair:4   | Reached XP level 14. HP: 109/109 MP: 20/20
 15730 | Lair:6   | Reached skill level 10 in Axes
 16084 | Lair:6   | Found a viscous altar of Jiyva.
 16085 | Lair:6   | Found a staircase to the Slime Pits.
 16131 | Lair:6   | Got an ivory trident
 16132 | Lair:6   | Identified the +5 trident "Coud" {freeze, rF- Dex+5 Stlth+} (You found it on level 6 of the Lair of Beasts)
 16204 | Lair:6   | Reached skill level 10 in Invocations
 16232 | Lair:6   | Gained mutation: Your mind is acute. (Int +2) [evolution]
 17191 | Lair:7   | Got a smoking bronze ring
 17196 | Lair:7   | Identified the ring of Xom's Whimsicality {Fire Dex+3 SInv} (You found it on level 7 of the Lair of Beasts)
 17552 | Lair:8   | Entered Level 8 of the Lair of Beasts
 17718 | Lair:8   | Reached XP level 15. HP: 85/115 MP: 23/23
 17732 | Lair:8   | Reached skill level 13 in Axes
 17995 | Lair:8   | Noticed emiel's ghost (journeyman HOGl)
 18007 | Lair:8   | Killed emiel's ghost
 18747 | Lair:8   | Reached skill level 14 in Axes
 19264 | Lair:8   | Got a pitted blowgun
 19270 | Lair:8   | Identified the +10 blowgun of a ziggurat {evade, rN++ Str-2 Int+5} (You found it on level 8 of the Lair of Beasts)
 19273 | Lair:8   | Identified a +8 rod of the swarm (10/10) (You found it on level 8 of the Lair of Beasts)
 19509 | Lair:8   | Got a sheer robe
 19520 | Lair:8   | Identified the +0 robe "Tiunaull" {rF+ MP+9 Str+2} (You found it on level 8 of the Lair of Beasts)
 19820 | Lair:1   | Killed an ice statue
 19824 | Lair:1   | Killed an ice devil
 19847 | Lair:1   | Got a brightly glowing war axe
 19848 | Lair:1   | Identified the +8 war axe of Yhaes {freeze, Int+9} (You found it on level 1 of the Lair of Beasts)
 20085 | D:7      | Killed a skeletal warrior
 20087 | D:7      | Killed a skeletal warrior
 20099 | D:7      | Killed a skeletal warrior
 20362 | D:7      | Found a glowing golden altar of the Shining One.
 20544 | D:7      | Gained mutation: Your flesh is heat resistant. [evolution]
 20962 | D:9      | Found a sacrificial altar of Ru.
 21203 | D:9      | You fall through a shaft for 2 floors!
 21221 | D:11     | Found Wair's Gadget Shop.
 21242 | D:11     | Found Bonaun's Armour Emporium.
 21254 | D:11     | Found a labyrinth entrance.
 21263 | Lab      | Entered a labyrinth
 21789 | Lab      | Reached skill level 15 in Axes
 21822 | Lab      | Got a sparkling golden amulet
 21822 | Lab      | Got a twitching marble ring
 21826 | Lab      | Identified the amulet of Gayhib {Inacc rPois rF+ MR- Dex+10} (You found it in a labyrinth)
 21833 | Lab      | Identified the ring of Xom's Condemnation {Dex+2 SInv} (You found it in a labyrinth)
 21840 | Lab      | Got a translucent executioner's axe
 21841 | Lab      | Identified the +6 executioner's axe of the Known World {flame, Int+3 SInv} (You found it in a labyrinth)
 21848 | Lab      | Got a bloodstained flail
 21848 | Lab      | Got a faintly glowing short sword
 21849 | Lab      | Identified the +4 flail of the Owl {antimagic, rPois rC++ MR- Int+2} (You found it in a labyrinth)
 21850 | Lab      | Identified the cursed +1 short sword of Ragnarok {drain, Str+3} (You found it in a labyrinth)
 21915 | D:11     | Noticed Snorg
 21920 | D:11     | Killed Snorg
 22010 | D:11     | Found Feuleneq's Weapon Emporium.
 22068 | D:11     | Found a staircase to the Orcish Mines.
 22439 | D:11     | Found Dicaic's Assorted Antiques.
 22447 | D:11     | Bought a bubbling sapphire potion for 22 gold pieces
 22447 | D:11     | Bought a potion of curing for 75 gold pieces
 22601 | D:10     | Entered Level 10 of the Dungeon
 23196 | D:8      | Bought the +2 pair of boots of Least Resistance {rC+ Dex-2 Stlth+} for 298 gold pieces
 23319 | Orc:1    | Entered Level 1 of the Orcish Mines
 23410 | Orc:1    | Noticed Maurice
 23418 | Orc:1    | Killed Maurice
 23633 | Orc:1    | Noticed Erolcha
 23633 | Orc:1    | Found Pokef's Food Shoppe.
 23644 | Orc:1    | Killed Erolcha
 23644 | Orc:1    | Reached XP level 16. HP: 121/121 MP: 25/25
 23882 | Orc:2    | Found a roughly hewn altar of Beogh.
 23924 | Orc:2    | Reached skill level 16 in Axes
 24034 | Orc:2    | Found a roughly hewn altar of Beogh.
 24756 | Orc:4    | Entered Level 4 of the Orcish Mines
 24801 | Orc:4    | Found a staircase to the Elven Halls.
 25366 | Orc:4    | Found Votoxtu's Gadget Shoppe.
 25366 | Orc:4    | Found Nis Dips's Weapon Shop.
 25368 | Orc:4    | Found Mymit's Gadget Shoppe.
 25368 | Orc:4    | Found Bituw's Weapon Shop.
 25379 | Orc:4    | Bought the +7 whip of Pemog {antimagic, rPois Str-5 Int+3} for 792 gold pieces
 25719 | Elf:1    | Entered Level 1 of the Elven Halls
 26020 | Elf:1    | Reached skill level 17 in Axes
 26122 | Elf:1    | Reached skill level 10 in Fighting
 26182 | Elf:1    | Got a steaming quarterstaff {speed}
 26183 | Elf:1    | Identified the +3 quarterstaff "Joele" {speed, +Fly rN+} (You took it off a deep elf knight on level 1 of the Elven Halls)
 26595 | Elf:1    | Lost mutation: Your mind is acute. (Int +2) [evolution]
 27294 | Elf:1    | Reached XP level 17. HP: 129/129 MP: 26/26
 27514 | Elf:1    | Reached skill level 10 in Dodging
 28204 | Elf:2    | Found Etohuopn's Gadget Boutique.
 28329 | Elf:2    | Found Xouvoab's Antique Weapon Shop.
 28388 | Elf:2    | Found a runed door.
 28413 | Elf:2    | Found a runed door.
 28428 | Elf:2    | Noticed a deep elf blademaster
 28441 | Elf:2    | Killed a deep elf blademaster
 28734 | Elf:2    | Gained mutation: You have sharp fingernails. [evolution]
 29008 | Elf:2    | Found Emuamonu's Armour Emporium.
 29093 | Elf:2    | Found Soushups's Book Shoppe.
 29141 | Elf:3    | Entered Level 3 of the Elven Halls
 29245 | Elf:3    | Noticed a deep elf blademaster
 29247 | Elf:3    | Noticed a deep elf master archer
 29254 | Elf:3    | Killed a deep elf blademaster
 29257 | Elf:3    | Killed a deep elf master archer
 29265 | Elf:3    | HP: 6/133 [deep elf high priest/burst of hellfire (34)]
 29265 | Elf:3    | Killed from afar by a deep elf death mage

Action                   |  1- 3 |  4- 6 |  7- 9 | 10-12 | 13-15 | 16-18 || total
-------------------------+-------+-------+-------+-------+-------+-------++-------
Melee: War axe           |    76 |   212 |   423 |   647 |   293 |       ||  1651
       Falchion          |       |       |       |     6 |       |       ||     6
       Executioner's axe |       |       |       |       |   643 |   618 ||  1261
 Cast: Repel Missiles    |       |       |       |     1 |     2 |     1 ||     4
Invok: Slouch            |       |       |       |     1 |     3 |     4 ||     8
 Abil: Shaft Self        |       |       |     1 |     1 |       |       ||     2
       Dig               |       |       |       |       |    31 |     9 ||    40
       Evoke Flight      |       |       |       |       |     2 |       ||     2
Evoke: Wand              |       |       |     1 |    27 |     4 |     3 ||    35
       Rod               |       |       |       |       |     2 |       ||     2
  Use: Potion            |     1 |     2 |     6 |     3 |       |     2 ||    14
       Scroll            |       |     4 |     7 |     9 |    26 |     4 ||    50
 Stab: Paralysed         |       |       |       |     3 |       |       ||     3
       Petrified         |       |       |       |       |     2 |       ||     2
  Eat: Chunk             |       |     5 |    16 |    20 |    18 |    12 ||    71
       Royal jelly       |       |       |       |     1 |       |       ||     1
       Pizza             |       |       |       |       |     1 |       ||     1
       Beef jerky        |       |       |       |       |     3 |       ||     3
       Fruit             |       |       |       |       |     1 |       ||     1
